 Dungeon Crawl Stone Soup version 0.15.0-14-g6bbbb5c (webtiles) character file.

90 MDvedh the Stinger (level 4, -5/24 HPs)
             Began as a Gargoyle Venom Mage on Sept 4, 2014.
             Killed by divine providence
             ... invoked by an orc priest
              (10 damage)
             ... on Level 3 of the Dungeon.
             The game lasted 00:05:08 (2395 turns).

MDvedh the Stinger (Gargoyle Venom Mage)            Turns: 2395, Time: 00:05:08

HP  -5/24        AC  8     Str 12      XL: 4   Next: 56%
MP   7/7         EV  9     Int 16      God:
Gold 125         SH  0     Dex 10      Spells:  2 memorised,  2 levels left

rFire  . . .     SeeInvis .     g - +0 whip (curse)
rCold  . . .     Clarity  .     a - +0 ring mail
rNeg   + . .     rCorr    .     (no shield)
rPois  +         rRot     +     (no helmet)
rElec  +         Spirit   .     (no cloak)
SustAb .         Warding  .     (no gloves)
rMut   .         Stasis   .     (no boots)
Gourm  .                        (no amulet)
MR     .....                    (no ring)
                                (no ring)

@: confused, very slightly contaminated, not resistant to hostile enchantments,
extremely unstealthy
A: negative energy resistance 1, electricity resistance, unbreathing,
petrification resistance, rot immunity, AC +3
a: no special abilities


You were on level 3 of the Dungeon.
You were hungry.

You visited 1 branch of the dungeon, and saw 3 of its levels.

You collected 125 gold pieces.

Inventory:

Hand weapons
 g - a cursed +0 whip (weapon)
Armour
 a - a +0 ring mail (worn)
Magical devices
 q - a wand of hasting (2)
Comestibles
 c - 2 bread rations
Scrolls
 d - 3 scrolls of blinking {unknown}
 f - 2 scrolls of remove curse {unknown}
 i - 2 scrolls of amnesia {unknown}
 j - 2 scrolls of recharging {unknown}
 k - 3 scrolls of identify {unknown}
 m - 2 scrolls of teleportation {unknown}
 n - a scroll of enchant weapon {unknown}
Potions
 o - a potion of haste {unknown}
 p - a potion of might {unknown}
Books
 b - a Young Poisoner's Handbook

   Spells                             Type                      Level
   *Sting                             Conjuration/Poison           1
   Cure Poison                        Poison                       2
   Mephitic Cloud                     Conjuration/Poison/Air       3
   *Olgreb's Toxic Radiance           Poison                       4
   Venom Bolt                         Conjuration/Poison           5


   Skills:
 - Level 0.2 Fighting
 + Level 4.0 Maces & Flails
 - Level 1.5 Dodging
 - Level 2.1 Stealth
 - Level 2.0 Spellcasting
 - Level 4.0 Poison Magic


You had 2 spell levels left.
You knew the following spells:

 Your Spells              Type           Power        Failure   Level  Hunger
a - Sting                 Conj/Pois      #...         14%         1    #......
b - Olgreb's Toxic Radia  Pois           ##......     63%         4    #####..


Dungeon Overview and Level Annotations

Branches:
Dungeon (3/15)

Altars:
Trog


Innate Abilities, Weirdness & Mutations

You are resistant to torment.
You are immune to poison.
Your stone body is very resilient (AC +3).
You resist negative energy.
You are resistant to electric shocks.
You can survive without breathing.
You are immune to petrification.
You are immune to rotting.


Message History

* * * LOW HITPOINT WARNING * * *
Unknown command.
The orc wizard points at you and mumbles some strange words.
You are confused.
Unknown command.
Unknown command.
Unknown command.
Ouch! Unknown command.
Drink which item? (? for menu, Esc to quit)
You feel refreshed.
It was a potion of restore abilities.
You feel less confused.
Unknown command.
Drink which item? (? for menu, Esc to quit)
Magic courses through your body.
It was a potion of magic.
The orc wizard gestures at you while chanting.
You are confused.
The orc priest invokes the aid of Beogh against you.
Something smites you!
You die...

#.# . #.#..#### #.#
#.##.#...##. #.#
#.##.#...[%. #.#
#.#<.....### #.#
#.##....#... #.#
#.#.....#... #.#
#....####...
##.########....#⌠.##+#
#....@.o.oo..[.....o
###########.#####..
#.....# #.#...'..
#...o.#.. #.#..##
#....$ ###...⌠ #..##


You could see an orc priest, an orc wizard and an orc.

Vanquished Creatures
  2 adders
  2 worms (D:2)
  6 orcs
  2 giant cockroaches
  9 hobgoblins
  4 jackals (D:2)
  A quokka (D:2)
  A ball python (D:1)
  6 bats
  6 giant newts
  4 goblins
  7 kobolds
  10 rats
60 creatures vanquished.

Notes
Turn   | Place    | Note
--------------------------------------------------------------
     0 | D:1      | MDvedh, the Gargoyle Venom Mage, began the quest for the Orb.
     0 | D:1      | Reached XP level 1. HP: 10/10 MP: 3/3
   301 | D:1      | Reached skill level 1 in Maces & Flails
   461 | D:1      | Reached XP level 2. HP: 13/15 MP: 2/4
   970 | D:2      | Found a bloodstained altar of Trog.
  1128 | D:2      | Reached XP level 3. HP: 5/19 MP: 1/6
  1811 | D:2      | Reached XP level 4. HP: 15/24 MP: 7/7
  1903 | D:2      | Learned a level 4 spell: Olgreb's Toxic Radiance
  2395 | D:3      | Killed from afar by an orc priest

Action                   |  1- 3 |  4- 6 || total
-------------------------+-------+-------++-------
Melee: Whip              |   167 |    65 ||   232
 Cast: Sting             |    19 |       ||    19
       Olgreb's Toxic Ra |       |     1 ||     1
Evoke: Wand              |       |     1 ||     1
  Use: Potion            |       |     3 ||     3
  Eat: Chunk             |     3 |     2 ||     5
